 Dungeon Crawl Stone Soup version 0.25-a0-251-g572059c (webtiles) character file.

Game seed: 16687140147856639693, levelgen mode: deterministic

101 HungryMoth the Ruffian (level 4, 0/36 HPs)
             Began as a Draconian Transmuter on Dec 4, 2019.
             Killed by divine providence
             ... invoked by an orc priest
              (17 damage)
             ... on level 3 of the Dungeon.
             The game lasted 00:03:31 (2685 turns).

HungryMoth the Ruffian (Draconian Transmuter)       Turns: 2685, Time: 00:03:32

Health: 0/36       AC:  5    Str: 13    XL:     4   Next: 48%
Magic:  7/7        EV: 12    Int: 14    God:
Gold:   165        SH:  0    Dex: 11    Spells: 2/8 levels left

rFire    . . .     SeeInvis +     - Unarmed
rCold    . . .     Gourm    +   (no shield)
rNeg     . . .     Faith    .   (armour unavailable)
rPois    .         Spirit   .   (helmet restricted)
rElec    .         Reflect  .   (no cloak)
rCorr    .         Harm     .   (no gloves)
MR       .....                  (no boots)
Stlth    +.........             k - amulet of the gourmand
HPRegen  0.12/turn              i - ring of see invisible
MPRegen  0.10/turn              (no ring)

@: no status effects
A: unfitting armour, cold-blooded, AC +5
a: no special abilities


You were on level 3 of the Dungeon.
You were very full.

You visited 1 branch of the dungeon, and saw 3 of its levels.

You collected 165 gold pieces.

Inventory:

Missiles
 a - 65 arrows
Jewellery
 i - a ring of see invisible (left hand)
 k - an amulet of the gourmand (around neck)
 n - a +6 ring of evasion {unknown}
Scrolls
 d - 3 scrolls of remove curse {unknown}
 e - a scroll of blinking {unknown}
 f - a scroll of amnesia {unknown}
 g - 2 scrolls of identify {unknown}
 j - 2 scrolls of teleportation {unknown}
 l - 2 scrolls of fear {unknown}
 o - a scroll of magic mapping {unknown}
Potions
 m - a potion of curing
 p - a potion of mutation {unknown}
 q - a potion of invisibility {unknown}
Comestibles
 c - 5 rations
 r - 11 chunks of flesh


   Skills:
 + Level 2.2 Fighting
 + Level 2.4 Dodging
 + Level 3.5 Unarmed Combat
 + Level 2.6 Spellcasting
 + Level 2.8 Transmutations


You had 2 spell levels left.
You knew the following spells:

 Your Spells              Type           Power        Failure   Level  Hunger
a - Beastly Appendage     Tmut           #.....       7%          1    #......
b - Sticks to Snakes      Tmut           #.......     11%         2    ###....
c - Spider Form           Tmut/Pois      #.........   36%         3    ###....

Your spell library contained the following spells:

 Spells                   Type           Power        Failure   Level  Hunger
 Ice Form                 Ice/Tmut       #.......     77%         4    #####..
 Blade Hands              Tmut           #.........   89%         5    ######.


Dungeon Overview and Level Annotations

Branches:
Dungeon (3/15)

Altars:


Innate Abilities, Weirdness & Mutations

Your plain brown scales are hard. (AC +5)
You cannot fit into any form of body armour.
You are cold-blooded and may be slowed by cold attacks.


Message History

You are too injured to fight recklessly!
You are too injured to fight recklessly!
You are too injured to fight recklessly!
You hit the orc.
The orc is poisoned.
The orc is heavily wounded.
The orc barely misses you.
Your transformation has ended.
Things that are here:
a +0 falchion; an orc skeleton You kill the orc!
The orc priest casts a cantrip, but nothing happens.
There are monsters nearby!
The orc priest calls down the wrath of Beogh upon you.
Beogh smites you!
* * * LOW HITPOINT WARNING * * *
It was a potion of curing.
You feel better. The orc hits you but does no damage.
The orc priest calls down the wrath of Beogh upon you.
Beogh smites you!
You die...

#.##).#.# ###.##..#.##
.......÷.#.###############
###.###)###..............######
#.# #..#.#####..)...........#
#.# #.#.## #.#######.####.# #.#
#.### #.# #.# #.# ###.###.# #.#
#.# #.# ....o...########@# #.#
#.# ###.###o.o....o..# #.# #.#
#.# ##################÷####.#
#.# #............# #.#
#.#####.###..# #.# #.# #..# #.#
#.# #..# #.# #.#####.# #..#
#.......###..#


You could see an orc priest and an orc.

Vanquished Creatures
  A worker ant zombie (D:3)
  2 adders
  2 dart slugs (D:1)
  A leopard gecko (D:3)
  6 orcs (D:3)
  4 giant cockroaches
  8 goblins
  10 hobgoblins
  2 jackals (D:3)
  A quokka (D:3)
  A ball python (D:3)
  3 bats (D:1)
  A frilled lizard (D:3)
  8 kobolds
  4 rats
54 creatures vanquished.

Notes
Turn   | Place    | Note
-------+----------+-------------------------------------------
     0 | D:1      | HungryMoth the Draconian Transmuter began the quest for the
                  | Orb.
     0 | D:1      | Reached XP level 1. HP: 16/16 MP: 3/3
   388 | D:1      | Reached XP level 2. HP: 23/23 MP: 3/5
   392 | D:1      | Learned a level 2 spell: Sticks to Snakes
   940 | D:1      | Reached XP level 3. HP: 29/29 MP: 6/6
  1638 | D:2      | Learned a level 3 spell: Spider Form
  2482 | D:3      | Reached XP level 4. HP: 31/36 MP: 5/7
  2685 | D:3      | Killed from afar by an orc priest

Levels and vault maps discovered:
D:1:      lemuel_arrival_hallway, layout_rooms, minivault_14
D:2:      layout_loops_corners, kennysheep_generic_room_2
D:3:      layout_loops_ring, uniq_jessica

Skill      XL: |  1  2  3 |
---------------+----------+-----
Dodging        | 2 |  2.4
Fighting       | 2 |  2.2
Unarmed Combat | |  3.5
Spellcasting   | |  2.6
Transmutations | |  2.8

Action                   |  1- 3 |  4- 6 || total
-------------------------+-------+-------++-------
Melee: Unarmed           |   158 |    32 ||   190
       Kick              |     7 |       ||     7
       Tailslap          |    17 |     1 ||    18
       Headbutt          |     7 |     1 ||     8
       Punch             |     1 |       ||     1
 Cast: Beastly Appendage |    15 |       ||    15
       Spider Form       |       |     4 ||     4
  Use: Potion            |       |     1 ||     1
  Eat: Chunk             |     8 |     6 ||    14
       Ration            |     1 |       ||     1
Armor: Skin              |    43 |     4 ||    47
Dodge: Dodged            |    91 |    23 ||   114

Table legend:
 A = Non-vault XP
 B = Vault XP
 C = Vault XP percentage of total XP
 D = Non-vault monster count
 E = Vault monster count
 F = Vault count percentage of total count
                 A         B        C        D         E       F
            +---------+---------+-------+---------+---------+-------
      Total |     143 |       2 |   1.4 |      53 |       1 |   1.9
            +---------+---------+-------+---------+---------+-------
        D:1 |      52 |       0 |   0.0 |      29 |       0 |   0.0
        D:2 |      23 |       2 |   8.0 |       6 |       1 |  14.3
        D:3 |      68 |       0 |   0.0 |      18 |       0 |   0.0
            +---------+---------+-------+---------+---------+-------
